Map: Goldenaura LE

Players

TerranYOUup - Winner!

  • Race: Terran Terran
  • League: Master
  • Spawn Location: 5:00

IIIIIIII

  • Race: Protoss Protoss
  • League: Diamond
  • Spawn Location: 12:00

VOD

Have the link to the VOD?

Description

Time

  • Played on: Dec. 9, 2023, 6:05 p.m.
  • Length: 21:12
Show
View Real Time Build Order
Export as new Build Order

TerranYOUup Terran - Winner!

Build Orders: 2 Factory 

Get SALT Encoding   

  12  0:00  SCV  
  13  0:12  SCV  
  14  0:18  Supply Depot  
  14  0:24  SCV  
  15  0:29  Refinery  
  15  0:40  SCV  
  16  0:51  Barracks  
  16  0:56  SCV, Refinery  
  17  1:09  SCV  
  18  1:21  SCV  
  19  1:38  Barracks Reactor  
  19  1:41  Factory  
  19  1:49  Supply Depot  
  19  2:03  Factory  
  12  2:57  Widow Mine  
  13  3:07  Cyclone  
  15  3:18  Hellion  
  17  3:26  SCV  
  15  3:53  Orbital Command  
  12  4:12  Hellion  
  14  4:19  SCV  
  15  4:27  Supply Depot  
  15  4:37  Hellion  
  15  4:48  Cyclone, SCV  
  15  4:49  Refinery  
  18  5:00  SCV  
  19  5:15  Factory Tech Lab  
  16  5:43  Cyclone  
  18  5:51  SCV  
  18  5:52  Refinery  
  19  5:58  Command Center  
  19  6:10  SCV  
  20  6:15  Cyclone  
  22  6:20  Barracks Reactor  
  22  6:22  SCV  
  21  6:47  SCV  
  22  6:55  Bunker  
  22  7:09  Cyclone x3  
  22  7:14  Orbital Command  
  27  7:25  SCV  
  26  7:37  SCV  
  26  7:42  SCV  
  28  7:46  Cyclone  
  28  7:49  Factory Tech Lab, SCV  
  31  7:55  SCV  
  32  8:01  SCV  
  32  8:02  Supply Depot  
  33  8:11  SCV  
  34  8:14  SCV  
  34  8:16  Supply Depot  
  35  8:20  Supply Depot  
  35  8:23  SCV  
  35  8:26  SCV  
  37  8:35  SCV  
  37  8:38  SCV  
  37  8:41  Hurricane Engines  
  39  8:43  Siege Tank  
  40  9:07  Cyclone x2  
  44  9:22  Orbital Command, Starport  
  44  9:24  Starport  
  44  9:36  Refinery  
  44  9:39  Refinery  
  44  9:42  SCV  
  45  9:49  Cyclone x2  
  49  9:53  SCV  
  49  9:54  SCV  
  51  10:02  Starport Tech Lab x2  
  51  10:04  Hyperflight Rotors  
  51  10:06  Siege Tank  
  54  10:10  SCV x2, Supply Depot x2  
  56  10:21  Cyclone x2  
  56  10:22  SCV x2  
  62  10:34  SCV  
  63  10:35  Banshee  
  63  10:36  Banshee  
  69  10:43  Siege Tank  
  69  10:46  SCV  
  73  10:59  Engineering Bay  
  73  11:03  SCV x2  
  75  11:15  SCV  
  76  11:25  Supply Depot  
  76  11:26  Supply Depot  
  76  11:27  Supply Depot  
  76  11:37  Missile Turret, SCV  
  76  11:38  SCV  
  78  11:47  Banshee, Missile Turret  
  78  11:49  Missile Turret  
  78  11:50  Banshee  
  84  11:57  Siege Tank  
  84  11:58  Cyclone x2  
  84  11:59  SCV  
  84  12:00  SCV  
  93  12:06  Supply Depot  
  93  12:08  Supply Depot x2  
  93  12:14  SCV x2, Supply Depot  
  95  12:29  Banshee  
  95  12:31  Command Center  
  95  12:33  Banshee  
  101  12:43  Sensor Tower  
  101  12:51  Sensor Tower  
  101  12:53  Siege Tank, Cyclone x2  
  108  13:05  Armory  
  108  13:12  Banshee  
  103  13:16  Banshee  
  105  13:26  Missile Turret x2  
  105  13:38  Factory  
  105  13:41  Factory  
  105  13:43  SCV x2  
  105  13:46  Factory  
  107  13:49  Refinery  
  107  13:50  Refinery  
  107  14:04  Factory  
  107  14:05  Factory, SCV x2  
  109  14:12  Banshee  
  112  14:17  SCV  
  113  14:28  Planetary Fortress  
  113  14:29  SCV  
  113  14:30  SCV  
  115  14:35  Raven  
  117  14:41  SCV  
  117  14:42  SCV  
  105  14:55  Banshee  
  105  14:57  Factory Tech Lab x2  
  105  14:58  Factory Tech Lab  
  105  14:59  Factory Reactor x2  
  83  15:09  Banshee  
  74  15:16  Thor  
  74  15:17  Thor  
  74  15:19  Hellion x2  
  90  15:26  SCV x3  
  93  15:29  Terran Vehicle Weapons Level 1  
  93  15:38  Thor x2  
  93  15:42  Hellion x2  
  109  15:46  Missile Turret  
  104  16:06  Thor  
  110  16:17  Cyclone x2  
  110  16:18  Cyclone x2  
  118  16:30  SCV x3  
  121  16:38  Hellion  
  121  16:39  Hellion  
  125  16:40  Thor  
  125  16:42  SCV x3  
  134  16:49  Hellion  
  134  16:50  Hellion  
  138  16:54  SCV x3  
  138  16:56  Command Center  
  141  17:01  Supply Depot  
  141  17:02  Supply Depot  
  141  17:04  Supply Depot  
  141  17:06  SCV  
  142  17:16  Infernal Pre-Igniter  
  142  17:24  Siege Tank  
  142  17:25  Siege Tank x3  
  154  17:39  Refinery  
  154  17:43  Widow Mine x6  
  166  17:47  Drilling Claws  
  166  17:50  Smart Servos  
  166  18:01  Missile Turret  
  166  18:09  Widow Mine x2  
  166  18:10  Widow Mine x2  
  166  18:11  Widow Mine x2  
  166  18:12  Siege Tank x2  
  184  18:32  Orbital Command  
  184  18:37  Terran Vehicle Weapons Level 2  
  123  19:09  Thor x4  
  139  19:11  Widow Mine x6  
  153  19:33  Raven x2  
  157  19:51  Hellion x4  
  157  19:52  Siege Tank x3, Hellion x2  
  178  19:53  Siege Tank  
  181  20:12  Cyclone x2  
  181  20:13  Cyclone  
  187  20:33  Cyclone x2  
  188  20:36  Cyclone  
  188  20:37  Supply Depot  
  188  20:38  Cyclone x2, Supply Depot x2  
Show
View Real Time Build Order
Export as new Build Order

IIIIIIII Protoss 

Build Orders: Cannon Rush 

Get SALT Encoding   

  12  0:00  Probe  
  13  0:12  Probe  
  14  0:19  Pylon  
  14  0:24  Probe  
  15  0:37  Probe (Chrono Boost)  
  15  0:39  Forge  
  16  0:46  Probe (Chrono Boost)  
  17  0:55  Pylon  
  17  1:02  Pylon  
  17  1:18  Photon Cannon  
  17  1:30  Photon Cannon  
  17  1:33  Gateway  
  17  1:36  Probe  
  18  1:47  Photon Cannon  
  18  1:56  Probe  
  18  2:00  Pylon  
  19  2:09  Probe  
  20  2:21  Probe  
  21  2:33  Photon Cannon  
  21  2:34  Photon Cannon  
  21  2:39  Probe  
  21  2:43  Zealot (Chrono Boost)  
  24  2:57  Assimilator  
  24  3:03  Cybernetics Core  
  24  3:08  Pylon  
  24  3:09  Probe (Chrono Boost)  
  24  3:11  Assimilator  
  26  3:21  Probe (Chrono Boost)  
  26  3:23  Zealot  
  26  3:26  Probe (Chrono Boost)  
  25  3:36  Probe (Chrono Boost), Pylon  
  26  3:46  Probe (Chrono Boost)  
  25  3:51  Probe (Chrono Boost)  
  24  4:01  Photon Cannon  
  22  4:12  Shield Battery  
  22  4:23  Robotics Facility  
  22  4:27  Photon Cannon  
  22  4:33  Probe  
  22  4:37  Photon Cannon  
  23  4:42  Stalker (Chrono Boost)  
  25  4:55  Shield Battery  
  25  5:06  Photon Cannon  
  24  5:49  Immortal  
  28  5:58  Stalker  
  30  6:37  Nexus  
  30  6:38  Probe  
  29  6:49  Warp Prism (Chrono Boost)  
  31  7:01  Probe  
  32  7:32  Warp Gate  
  32  7:34  Immortal  
  32  7:35  Probe  
  35  7:45  Stargate  
  35  7:49  Probe (Chrono Boost)  
  37  7:51  Probe (Chrono Boost)  
  37  7:55  Pylon  
  38  7:59  Probe (Chrono Boost)  
  38  8:02  Probe (Chrono Boost)  
  38  8:04  Probe (Chrono Boost)  
  39  8:11  Probe  
  41  8:13  Immortal  
  45  8:24  Gateway  
  45  8:26  Pylon  
  45  8:28  Probe x2  
  47  8:40  Probe x2  
  49  8:45  Immortal  
  39  8:51  Phoenix (Chrono Boost)  
  39  8:52  Probe  
  39  8:53  Probe  
  47  9:07  Probe x2  
  49  9:14  Assimilator  
  49  9:17  Phoenix  
  49  9:18  Assimilator  
  49  9:21  Robotics Facility  
  51  9:27  Pylon  
  51  9:29  Probe x2  
  53  9:42  Observer, Phoenix  
  56  9:48  Nexus  
  56  9:52  Photon Cannon  
  56  9:58  Photon Cannon  
  56  10:01  Probe  
  56  10:02  Probe  
  58  10:11  Immortal  
  62  10:24  Probe  
  62  10:25  Probe  
  64  10:32  Pylon  
  64  10:33  Immortal  
  68  10:38  Protoss Shields Level 1  
  68  10:44  Probe x2  
  70  10:54  Observer  
  71  10:57  Phoenix  
  73  11:04  Shield Battery  
  73  11:05  Photon Cannon  
  73  11:07  Assimilator, Probe x3  
  76  11:12  Observer  
  77  11:19  Probe x3  
  77  11:20  Twilight Council  
  77  11:22  Pylon  
  80  11:32  Assimilator  
  80  11:33  Pylon  
  80  11:38  Probe x3  
  83  11:42  Immortal  
  83  11:45  Pylon  
  83  11:46  Immortal  
  91  11:55  Probe  
  91  11:56  Probe x2  
  94  12:02  Blink  
  94  12:05  Stalker  
  96  12:15  Pylon  
  96  12:19  Forge  
  96  12:24  Dark Shrine  
  96  12:34  Photon Cannon  
  96  12:35  Shield Battery  
  96  12:37  Photon Cannon, Pylon  
  96  12:39  Pylon  
  96  12:51  Nexus  
  96  12:58  Observer x2  
  98  13:25  Photon Cannon x2  
  98  13:26  Shield Battery  
  98  13:29  Immortal x2  
  106  13:34  Gateway  
  106  13:36  Gateway  
  106  13:42  Photon Cannon  
  106  13:43  Shield Battery  
  106  13:46  Photon Cannon  
  106  13:48  Dark Templar  
  106  13:52  Probe x3  
  111  13:55  Photon Cannon  
  111  13:56  Pylon  
  111  14:00  Pylon  
  111  14:02  Assimilator  
  115  14:07  Void Ray  
  115  14:09  Stargate  
  115  14:22  Protoss Shields Level 2  
  115  14:23  Protoss Ground Weapons Level 1  
  115  14:34  Probe x3  
  115  14:36  Protoss Air Weapons Level 1  
  117  14:46  Probe  
  74  15:08  Dark Templar x2  
  74  15:09  Dark Templar  
  74  15:11  Probe  
  74  15:12  Probe x3  
  84  15:16  Photon Cannon  
  84  15:17  Shield Battery  
  84  15:19  Pylon  
  84  15:24  Immortal x2  
  96  15:33  Void Ray, Fleet Beacon  
  100  15:36  Void Ray  
  100  15:41  Photon Cannon, Stargate  
  100  15:42  Pylon  
  100  15:43  Pylon  
  100  15:45  Photon Cannon, Shield Battery  
  100  15:46  Shield Battery, Probe x4  
  98  16:03  Assimilator  
  96  16:08  Immortal x2  
  96  16:09  Phoenix  
  106  16:13  Phoenix  
  107  16:25  Anion Pulse-Crystals (Chrono Boost), Phoenix  
  109  16:34  Nexus, Phoenix  
  109  16:36  Shield Battery  
  109  16:39  Pylon  
  111  16:40  Photon Cannon  
  111  16:41  Probe x3  
  111  16:42  Photon Cannon  
  120  16:47  Immortal  
  120  16:53  Mothership  
  124  16:54  Pylon  
  124  16:55  Pylon  
  124  17:02  Phoenix x3  
  124  17:05  Immortal  
  124  17:06  Pylon  
  124  17:07  Protoss Shields Level 3  
  134  17:11  Protoss Ground Weapons Level 2  
  134  17:17  Photon Cannon  
  134  17:22  Flux Vanes, Photon Cannon  
  134  17:25  Photon Cannon  
  134  17:28  Shield Battery  
  134  17:30  Photon Cannon  
  134  17:48  Cybernetics Core  
  134  17:58  Protoss Air Weapons Level 2  
  134  18:03  Photon Cannon, Shield Battery  
  134  18:05  Pylon  
  134  18:07  Assimilator  
  134  18:08  Nexus, Assimilator  
  134  18:15  Carrier  
  134  18:18  Carrier  
  146  18:38  Shield Battery  
  146  18:40  Shield Battery  
  146  18:41  Protoss Air Armor Level 1  
  93  19:03  Tempest (Chrono Boost)  
  93  19:07  Immortal x2  
  106  19:16  Tempest (Chrono Boost)  
  106  19:19  Tempest (Chrono Boost)  
  106  19:23  Nexus  
  106  19:24  Pylon  
  115  19:26  Pylon  
  115  19:30  Dark Templar x2  
  115  19:31  Dark Templar  
  121  19:37  Tempest (Chrono Boost)  
  120  19:52  Tempest (Chrono Boost)  
  121  20:19  Nexus  
  126  20:21  Pylon  
  126  20:24  Tempest (Chrono Boost), Assimilator  
  123  20:28  Assimilator  
Tags
 
Add a new tag
Caveats
  • Supply blocks, unpowered buildings, or Contaminate may cause inaccurate times.
  • Supply counts are checked every 10 seconds.